 Dungeon Crawl Stone Soup version 0.19-a0-1155-gb6eeeff (webtiles) character file.

282111 Duffy the Severer (level 20, -25/199 HPs)
             Began as a Naga Monk on Aug 13, 2016.
             Was the Champion of Cheibriados.
             Annihilated by an enormous slime creature (111 damage)
             ... on level 3 of the Vaults.
             The game lasted 01:11:06 (42832 turns).

Duffy the Severer (Naga Monk)                      Turns: 42832, Time: 01:11:06

Health: -25/199    AC: 43    Str: 37    XL:     20   Next: 92%
Magic:  27/27      EV: 21    Int: 28    God:    Cheibriados [******]
Gold:   867        SH:  0    Dex: 32    Spells: 0 memorised, 19 levels left

rFire  + + .     SeeInvis +     a - +6 executioner's axe (elec)
rCold  + + .     Gourm    .     d - +5 fire dragon armour
rNeg   + . .     Faith    .     (shield currently unavailable)
rPois  +         Spirit   .     M - +2 hat {SInv}
rElec  +         Dismiss  .     j - +2 cloak
rCorr  .         Reflect  .     J - +0 pair of gloves of Usubal {rElec rC+ MR+}
MR     +++++     Harm     .     t - +4 naga barding
Stlth  ++........               F - amulet of the Queen {rC+ Regen+}
                                x - ring of positive energy
                                X - ring "Baoces" {*Drain rElec rPois MR+++ Int+3}

@: very slow
A: stinger 1, molten scales 1, thin metallic scales 1, see invisible, agile 1,
blink, cold resistance 1, deformed body, dopey 1, sense surroundings 2, poison
resistance, shaggy fur 1, slowness 2, slow metabolism 1, spit poison 2, strong
1, evolution 1, constrict 1, AC +6
a: Spit Poison, Blink, Bend Time, Temporal Distortion, Slouch, Step From Time,
Renounce Religion
}: 1/15 runes: serpentine


You were on level 3 of the Vaults.
You worshipped Cheibriados.
Cheibriados was exalted by your worship.
You were hungry.

You visited 6 branches of the dungeon, and saw 33 of its levels.
You also visited: Ice Cave.

You collected 3394 gold pieces.
You spent 2527 gold pieces at shops.


Innate Abilities, Weirdness & Mutations

You cannot wear boots.
Your serpentine skin is tough. (AC +6)
You have supernaturally acute eyesight. (SInv)
Armour fits poorly on your strangely shaped body.
Your system is resistant to poisons. (rPois)
You cover ground very slowly.
You have a slow metabolism.
You can spit poison.
You can use your snake-like lower body to constrict enemies.
Your tail ends in a poisonous barb.
You are partially covered in molten scales. (AC +2)
You are partially covered in thin metallic scales. (AC +2)
You are agile. (Dex +2)
You can translocate small distances at will.
Your flesh is cold resistant. (rC+)
You are dopey. (Int -2)
You passively map the area around you.
You are covered in fur. (AC +1)
Your muscles are strong. (Str +2)
You evolve.


   Skills:
 + Level 16.4 Fighting
 + Level 17.4(19.2) Axes
   Level 14.4(17.7) Maces & Flails
 + Level 13.6 Armour
 + Level 13.6 Dodging
 - Level 3.0 Stealth
 - Level 10.2 Invocations


You had 19 spell levels left.
You didn't know any spells.

Inventory:

Hand Weapons
 a - a +6 executioner's axe of electrocution (weapon)
 O - a +0 blowgun
Missiles
 I - 5 poisoned javelins (quivered)
 L - 7 curare-tipped needles
Armour
 d - a +5 fire dragon armour (worn)
 j - a +2 cloak (worn)
 t - a +4 naga barding (worn)
 J - the +0 pair of gloves of Usubal (worn) {rElec rC+ MR+}

   It protects you from cold.
   It insulates you from electricity.
   It affects your resistance to hostile enchantments.
 M - a +2 hat of see invisible (worn)
 N - a +2 naga barding of cold resistance
Jewellery
 h - an uncursed ring of resist corrosion
 x - a ring of positive energy (right hand)
 F - the amulet of the Queen (around neck) {rC+ Regen+}

   [amulet of regeneration]

   It protects you from cold.
   It increases your rate of regeneration.
 X - the ring "Baoces" (left hand) {*Drain rElec rPois MR+++ Int+3}

   [ring of poison resistance]

   It affects your intelligence (+3).
   It insulates you from electricity.
   It protects you from poison.
   It affects your resistance to hostile enchantments.
   It causes draining when unequipped.
Wands
 z - a wand of digging (17/24)
 A - a wand of teleportation (9/9)
 P - a wand of digging (6/24)
 T - a wand of iceblast (12/15)
 U - a wand of iceblast (2/15)
 Y - a wand of iceblast (12/15)
Scrolls
 b - a scroll of silence
 f - 6 scrolls of teleportation
 i - a scroll of fog
 k - 4 scrolls of magic mapping
 m - 4 scrolls of immolation
 o - 2 scrolls of blinking
 r - 2 scrolls of recharging
 s - 3 scrolls of fear
 y - 8 scrolls of remove curse
 G - 5 scrolls of vulnerability
Potions
 e - 7 potions of curing
 g - 3 potions of resistance
 p - 6 potions of flight
 q - 2 potions of ambrosia
 u - a potion of invisibility
 v - 4 potions of agility
 w - 5 potions of heal wounds
 E - a potion of cancellation
 Q - 2 potions of might
Miscellaneous
 V - a phial of floods
Comestibles
 c - 15 bread rations
 C - 18 fruits
 D - 10 meat rations

Dungeon Overview and Level Annotations

Branches:
Dungeon (15/15)            Temple (1/1) D:6            Lair (6/6) D:9
 Shoals (0/4) Lair:2        Snake (4/4) Lair:2        Slime (0/5) Lair:5
    Orc (2/2) D:11            Elf (0/3) Orc:2        Vaults (5/5) D:14
  Crypt (0/3) Vaults:3     Depths (0/5) D:15

Altars:
Ashenzari
Cheibriados
Dithmenos
Elyvilon
Fedhas
Gozag
Hepliaklqana
Kikubaaqudgha
Makhleb
Nemelex Xobeh
Okawaru
Pakellas
Qazlal
Ru
Sif Muna
Trog
Uskayaw
Vehumet
Xom
Yredelemnul
Zin
The Shining One
Beogh
Jiyva

Shops:
D:4 !   D:8 *   D:9 %   Orc:2 *?[%   Snake:1 (   Vaults:1 (*(   Vaults:3 *
Vaults:4 }

Annotations:
D:8 exclusion: ice statue
Lair:3 exclusion: oklob plant
Snake:2 exclusion: naga sharpshooter


Message History

Two slime creatures merge to form a very large slime creature.
Two slime creatures merge to form an enormous slime creature.
You chop the deep elf mage into pieces!!!
There is a sudden explosion of sparks!
You kill the deep elf mage!
Cheibriados thoroughly appreciates the change of pace.
You slash the enormous slime creature!
You hit the ironbrand convoker but do no damage.
The ironbrand convoker misses you.
The enormous slime creature hits you!!!!
You chop the ironbrand convoker into pieces!!!
You kill the ironbrand convoker!
Cheibriados thoroughly appreciates the change of pace.
You chop the enormous slime creature into pieces!!!
The enormous slime creature hits you!!
The deep elf archer unwields an uncursed dagger.
The deep elf archer wields an uncursed shortbow.
The deep elf archer shoots an arrow.
The arrow barely misses you.
You are too injured to fight recklessly!
You are too injured to fight recklessly!
You are too injured to fight recklessly!
You are too injured to fight recklessly!
You are too injured to fight recklessly!
You are too injured to fight recklessly!
You are too injured to fight recklessly!
You are too injured to fight recklessly!
You are too injured to fight recklessly!
You are too injured to fight recklessly!
You are too injured to fight recklessly!
You are too injured to fight recklessly!
You are too injured to fight recklessly!
You are too injured to fight recklessly!
You are too injured to fight recklessly!
You are too injured to fight recklessly!
You are too injured to fight recklessly!
You are too injured to fight recklessly!
You are too injured to fight recklessly!
You are too injured to fight recklessly!
You are too injured to fight recklessly!
You are too injured to fight recklessly!
You are too injured to fight recklessly!
You are too injured to fight recklessly!
You are too injured to fight recklessly!
You are too injured to fight recklessly!
You are too injured to fight recklessly!
You open the door.
The ironbrand convoker completely misses you.
The enormous slime creature hits you!!!!
Ouch! That really hurt!
You die...

* * *###### **
,,,*..)..# ** ,
.....# * , , ,
.....# * * , ,
.....# , , Oc...+,,
* #+#Je...+ * ,*
+)@pp...# * * * ,,,
#'#######
,,,#.......# ,
#.......# ,,
#.......# ,
,,#.......# , ,
#..<....# *,,
######'##+##### ####
#......'...##.#*...#
,


You could see a yaktaur captain, an enormous slime creature, a deep elf archer,
2 ironbrand convokers and an ogre.

Action                   |  1- 3 |  4- 6 |  7- 9 | 10-12 | 13-15 | 16-18 | 19-21 || total
-------------------------+-------+-------+-------+-------+-------+-------+-------++-------
Melee: Mace              |     2 |       |       |       |       |       |       ||     2
       Dagger            |    86 |   187 |   228 |       |       |       |       ||   501
       Dire flail        |       |       |   123 |   836 |  1077 |     8 |       ||  2044
       Constrict         |       |       |       |       |   215 |   255 |   104 ||   574
       Great mace        |       |       |       |       |    86 |   286 |       ||   372
       Tailslap          |       |       |       |       |    59 |    93 |   113 ||   265
       Executioner's axe |       |       |       |       |       |   624 |   471 ||  1095
Throw: Javelin           |       |       |       |       |     6 |       |       ||     6
Invok: Slouch            |       |       |       |     3 |    16 |     8 |     4 ||    31
       Temporal Distorti |       |       |       |       |     1 |       |       ||     1
 Abil: Spit Poison       |     6 |       |       |     2 |       |       |       ||     8
Evoke: Wand              |       |       |       |     3 |     2 |     3 |       ||     8
  Use: Scroll            |       |     1 |    12 |    11 |    18 |    14 |     5 ||    61
       Potion            |       |       |       |     6 |     4 |     6 |       ||    16
 Stab: Sleeping          |     4 |     1 |     3 |    11 |    10 |     2 |     1 ||    32
       Distracted        |     1 |       |       |     2 |     6 |     1 |       ||    10
       Invisible         |       |       |       |       |       |     5 |       ||     5
  Eat: Chunk             |     1 |     7 |     8 |     7 |    28 |    41 |     7 ||    99
       Beef jerky        |       |       |     2 |       |       |     3 |       ||     5
       Bread ration      |       |       |     1 |       |       |     1 |       ||     2
       Royal jelly       |       |       |       |     2 |     1 |       |     1 ||     4
       Pizza             |       |       |       |     1 |       |     1 |       ||     2
       Meat ration       |       |       |       |       |     1 |     1 |     1 ||     3
       Fruit             |       |       |       |       |       |       |     1 ||     1
Armor: Robe              |     5 |       |       |       |       |       |       ||     5
       Leather armour    |     8 |       |       |       |       |       |       ||     8
       Chain mail        |     7 |    42 |    19 |       |       |       |       ||    68
       Ring mail         |       |    46 |   209 |   495 |   805 |    29 |       ||  1584
       Skin              |       |       |       |    52 |       |       |       ||    52
       Fire dragon armou |       |       |       |       |       |   821 |   406 ||  1227
Dodge: Dodged            |    38 |    85 |   145 |   782 |  1311 |  1329 |   570 ||  4260

Notes
Turn   | Place    | Note
-------+----------+-------------------------------------------
     0 | D:1      | Duffy the Naga Monk began the quest for the Orb.
     0 | D:1      | Reached XP level 1. HP: 21/21 MP: 1/1
   198 | D:1      | Reached XP level 2. HP: 28/28 MP: 2/2
   862 | D:1      | Reached XP level 3. HP: 36/36 MP: 3/3
  1090 | D:1      | Reached skill level 4 in Fighting
  1627 | D:2      | Reached XP level 4. HP: 41/45 MP: 4/4
  2585 | D:3      | Reached skill level 5 in Fighting
  2585 | D:3      | Reached XP level 5. HP: 44/52 MP: 5/5
  3449 | D:4      | Noticed Sigmund
  3449 | D:4      | Noticed Blork the orc
  3473 | D:3      | Killed Blork the orc
  3473 | D:3      | Reached skill level 6 in Fighting
  3473 | D:3      | Reached skill level 1 in Armour
  3473 | D:3      | Reached XP level 6. HP: 34/62 MP: 6/6
  3683 | D:4      | Killed Sigmund
  3683 | D:4      | Reached skill level 2 in Armour
  3945 | D:3      | Reached XP level 7. HP: 70/70 MP: 7/7
  4134 | D:4      | Got a pitted ring mail
  4164 | D:4      | Reached skill level 7 in Fighting
  4164 | D:4      | Reached skill level 3 in Armour
  4342 | D:4      | Identified the cursed +1 ring mail "Temen" {rC+ Str+2 Int+2 SInv} (You found it on level 4 of the Dungeon)
  4748 | D:4      | Found Cohetiq's Distillery.
  4759 | D:4      | Bought a potion of agility for 56 gold pieces
  4759 | D:4      | Bought a potion of curing for 42 gold pieces
  5320 | D:5      | Entered Level 5 of the Dungeon
  5547 | D:5      | Found a burning altar of Makhleb.
  5550 | D:5      | Noticed an Executioner
  5560 | D:5      | Noticed a ynoxinul
  5560 | D:5      | Noticed a neqoxec
  5622 | D:5      | Noticed Duvessa
  5622 | D:5      | Noticed Dowan
  5644 | D:5      | Killed Dowan
  5644 | D:5      | Reached skill level 4 in Armour
  5644 | D:5      | Reached XP level 8. HP: 70/80 MP: 8/8
  5652 | D:5      | Killed Duvessa
  5982 | D:5      | Reached skill level 8 in Fighting
  6486 | D:5      | Reached skill level 5 in Armour
  6931 | D:6      | Got an ebony short sword
  6947 | D:6      | Found a staircase to the Ecumenical Temple.
  6952 | Temple   | Entered the Ecumenical Temple
  7226 | Temple   | Became a worshipper of Cheibriados the Contemplative
  7226 | Temple   | Reached * piety under Cheibriados
  7226 | Temple   | Reached ** piety under Cheibriados
  7825 | D:6      | Noticed Eustachio
  7832 | D:6      | Killed Eustachio
  7832 | D:6      | Reached skill level 9 in Fighting
  7832 | D:6      | Reached XP level 9. HP: 86/91 MP: 9/9
  8088 | D:7      | Reached skill level 6 in Armour
  8588 | D:7      | Reached skill level 3 in Dodging
  8650 | D:7      | Reached *** piety under Cheibriados
  9018 | D:8      | Noticed a two-headed ogre
  9025 | D:8      | Killed a two-headed ogre
  9065 | D:8      | Found Yteli's Changing Room.
  9111 | D:8      | Reached skill level 4 in Dodging
  9194 | D:8      | Reached skill level 7 in Armour
  9306 | D:8      | Noticed an unseen horror
  9311 | D:8      | Killed an unseen horror
  9311 | D:8      | Reached skill level 4 in Maces & Flails
  9311 | D:8      | Reached XP level 10. HP: 54/99 MP: 10/10
  9600 | D:8      | Reached **** piety under Cheibriados
  9600 | D:8      | Reached skill level 5 in Dodging
 10196 | D:8      | Reached skill level 5 in Maces & Flails
 10492 | D:8      | Noticed an ice statue
 10657 | D:9      | Reached skill level 8 in Armour
 10811 | D:9      | Reached ***** piety under Cheibriados
 10905 | D:9      | Noticed Maurice
 10931 | D:9      | Killed Maurice
 10931 | D:9      | Reached skill level 6 in Maces & Flails
 10931 | D:9      | Reached skill level 6 in Dodging
 10931 | D:9      | Reached skill level 1 in Invocations
 11053 | D:9      | Noticed Erica
 11068 | D:9      | Killed Erica
 11068 | D:9      | Reached skill level 2 in Invocations
 11068 | D:9      | Reached XP level 11. HP: 106/106 MP: 12/12
 11444 | D:9      | Reached skill level 3 in Invocations
 11468 | D:9      | Found Anirphe's Food Shop.
 11586 | D:9      | Noticed Erolcha
 11603 | D:9      | Killed Erolcha
 11930 | D:9      | Found a staircase to the Lair.
 12002 | D:9      | Found a deep blue altar of Sif Muna.
 12117 | D:9      | Reached skill level 7 in Maces & Flails
 12311 | D:10     | Entered Level 10 of the Dungeon
 12317 | D:10     | Killed an unseen horror
 12324 | D:10     | Reached skill level 4 in Invocations
 12379 | D:10     | Reached skill level 9 in Armour
 12429 | D:10     | Reached skill level 5 in Invocations
 12437 | D:10     | Noticed a deep elf mage
 12448 | D:10     | Killed a deep elf mage
 12463 | D:10     | Reached ****** piety under Cheibriados
 12484 | D:10     | Found a shimmering altar of Xom.
 12775 | D:10     | Reached skill level 7 in Dodging
 12819 | D:10     | Noticed a hill giant
 12836 | D:10     | Killed a hill giant
 12836 | D:10     | Reached skill level 6 in Invocations
 13344 | Lair:1   | Entered Level 1 of the Lair of Beasts
 13830 | Lair:1   | Noticed a seven-headed hydra
 13844 | Lair:1   | Killed a seven-headed hydra
 13844 | Lair:1   | Reached skill level 7 in Invocations
 14113 | Lair:1   | Noticed Gastronok
 14176 | Lair:1   | Killed Gastronok
 14176 | Lair:1   | Reached skill level 8 in Dodging
 14176 | Lair:1   | Reached skill level 8 in Invocations
 14176 | Lair:1   | Reached XP level 12. HP: 66/115 MP: 18/18
 14384 | Lair:1   | Noticed Joseph
 14399 | Lair:1   | Killed Joseph
 14892 | Lair:1   | Reached skill level 9 in Invocations
 15266 | Lair:1   | Reached skill level 9 in Dodging
 15365 | Lair:2   | Noticed Urug
 15613 | Lair:2   | Found a staircase to the Snake Pit.
 15960 | Lair:2   | Found a staircase to the Shoals.
 16039 | Lair:2   | You fall through a shaft for 2 floors!
 16042 | Lair:4   | Reached skill level 10 in Invocations
 16051 | Lair:4   | Reached skill level 8 in Maces & Flails
 16096 | Lair:4   | Noticed a five-headed hydra
 16107 | Lair:4   | Killed a five-headed hydra
 16256 | Lair:3   | Found a bloodstained altar of Trog.
 16359 | Lair:2   | Gained mutation: You can use your snake-like lower body to constrict enemies. [Naga growth]
 16359 | Lair:2   | Reached XP level 13. HP: 88/122 MP: 20/20
 16915 | Lair:2   | Killed Urug
 17078 | Lair:2   | Reached skill level 10 in Fighting
 17324 | Lair:3   | Noticed Nergalle
 17339 | Lair:3   | Killed Nergalle
 17397 | Lair:3   | Reached skill level 9 in Maces & Flails
 17503 | Lair:3   | Noticed Sonja
 17505 | Lair:3   | Killed Sonja
 18335 | Lair:3   | Found an iron altar of Okawaru.
 18719 | Lair:4   | Reached skill level 10 in Dodging
 18829 | Lair:4   | Reached skill level 10 in Armour
 19535 | Lair:4   | Reached skill level 11 in Fighting
 19744 | Lair:5   | Found a snail-covered altar of Cheibriados.
 19827 | Lair:5   | Found a frozen archway.
 19872 | IceCv    | Entered an ice cave
 19879 | IceCv    | Reached skill level 10 in Maces & Flails
 20037 | IceCv    | Reached XP level 14. HP: 135/135 MP: 21/21
 20398 | IceCv    | Found an ancient bone altar of Kikubaaqudgha.
 20693 | IceCv    | Identified Piocran's Incunabulum of the Frostbite
 21132 | Lair:5   | Noticed Josephine
 21143 | Lair:5   | Killed Josephine
 21157 | Lair:5   | Found a viscous altar of Jiyva.
 21157 | Lair:5   | Found a staircase to the Slime Pits.
 21527 | Lair:6   | Entered Level 6 of the Lair of Beasts
 21670 | Lair:6   | Reached skill level 11 in Maces & Flails
 22041 | Lair:6   | Reached skill level 12 in Maces & Flails
 22119 | Lair:5   | Got an ivory great mace
 22120 | Lair:5   | Identified the +5 great mace of Harmony {antimagic, +Inv rPois rN+++ MR-} (You acquired it on level 5 of the Lair of Beasts)
 22174 | Lair:6   | Reached skill level 12 in Fighting
 22737 | Lair:6   | Reached XP level 15. HP: 146/146 MP: 22/22
 22897 | Lair:6   | Reached skill level 13 in Fighting
 23291 | Lair:6   | Reached skill level 14 in Fighting
 23300 | Lair:6   | Got a pair of ichor-stained gloves
 23311 | Lair:6   | Identified the +0 pair of gloves of Usubal {rElec rC+ MR+} (You found it on level 6 of the Lair of Beasts)
 24284 | D:11     | Got a bound tin ring
 24470 | D:11     | Gained mutation: You are clumsy. (Dex -2) [mutagenic meat]
 24475 | D:11     | Gained mutation: Your tail ends in a poisonous barb. [potion of mutation]
 24475 | D:11     | Gained mutation: You are partially covered in thin metallic scales. (AC +2) [potion of mutation]
 24475 | D:11     | Gained mutation: You are frail. (-10% HP) [potion of mutation]
 24476 | D:11     | Gained mutation: You can translocate small distances at will. [potion of mutation]
 24476 | D:11     | Gained mutation: You are very frail. (-20% HP) [potion of mutation]
 24688 | D:11     | Reached skill level 11 in Armour
 24778 | D:11     | Reached skill level 11 in Dodging
 24798 | D:11     | Identified the Volume of Torrid Changing
 24866 | D:11     | Lost mutation: You are clumsy. (Dex -2) [mutagenic meat]
 24869 | D:11     | Lost mutation: You are very frail. (-20% HP) [mutagenic meat]
 24872 | D:11     | Gained mutation: You can exhale a cloud of poison. [mutagenic meat]
 24950 | D:11     | Found a staircase to the Orcish Mines.
 24988 | D:11     | Lost mutation: You are frail. (-10% HP) [mutagenic meat]
 24991 | D:11     | Gained mutation: You regenerate slowly when monsters are visible. [mutagenic meat]
 24994 | D:11     | Lost mutation: You can exhale a cloud of poison. [mutagenic meat]
 24997 | D:11     | Gained mutation: You have a pair of small antennae on your head. [mutagenic meat]
 25064 | D:11     | Identified the ring "Baoces" {*Drain rElec rPois MR+++ Int+3} (You found it on level 11 of the Dungeon)
 25209 | Orc:1    | Entered Level 1 of the Orcish Mines
 25406 | Orc:2    | Entered Level 2 of the Orcish Mines
 25488 | Orc:2    | Found a roughly hewn altar of Beogh.
 25943 | Orc:2    | Noticed an orc warlord
 25964 | Orc:2    | Killed an orc warlord
 25964 | Orc:2    | Reached XP level 16. HP: 120/160 MP: 23/23
 26127 | Orc:2    | Found a staircase to the Elven Halls.
 26363 | Orc:2    | Found Xeki's Food Boutique.
 26363 | Orc:2    | Found Nejin's Antique Armour Shoppe.
 26365 | Orc:2    | Found Kofudupy's Magic Scroll Boutique.
 26365 | Orc:2    | Found Tetupt's Assorted Antiques.
 26752 | Orc:2    | Bought a pair of bloodstained gloves for 275 gold pieces
 26752 | Orc:2    | Bought an embroidered cloak for 130 gold pieces
 26762 | Orc:2    | Identified the +1 pair of gloves of Charity {rC+ MP+9} (You bought it in a shop on level 2 of the Orcish Mines)
 26797 | Orc:2    | Bought a shiny fire dragon armour for 1440 gold pieces
 27069 | Orc:1    | Reached skill level 12 in Dodging
 27469 | Orc:2    | Bought a scroll of enchant weapon for 105 gold pieces
 27470 | Orc:2    | Bought a scroll of enchant armour for 180 gold pieces
 27646 | D:12     | Gained mutation: Your body sometimes deteriorates upon taking damage. [mutagenic meat]
 27743 | D:12     | Reached skill level 12 in Armour
 28692 | D:13     | Reached skill level 13 in Maces & Flails
 29535 | D:14     | Noticed Azrael
 29543 | D:14     | Noticed Frances
 29549 | D:14     | Killed Azrael
 29558 | D:14     | Killed Frances
 29655 | D:14     | Reached skill level 14 in Maces & Flails
 29716 | D:14     | Gained mutation: You passively map a small area around you. [mutagenic meat]
 29719 | D:14     | Lost mutation: Your tail ends in a poisonous barb. [mutagenic meat]
 29725 | D:14     | Gained mutation: You are dopey. (Int -2) [mutagenic meat]
 29898 | D:14     | Reached skill level 1 in Axes
 30107 | D:14     | Reached skill level 2 in Axes
 30131 | D:14     | Noticed Rupert
 30137 | D:14     | Killed Rupert
 30137 | D:14     | Reached skill level 3 in Axes
 30310 | D:14     | Reached skill level 4 in Axes
 30521 | D:14     | Reached XP level 17. HP: 168/168 MP: 24/24
 30529 | D:14     | Reached skill level 5 in Axes
 30604 | D:14     | Found a gate to the Vaults.
 30911 | D:15     | Entered Level 15 of the Dungeon
 30927 | D:15     | Reached skill level 6 in Axes
 30940 | D:15     | Found a staircase to the Depths.
 31139 | D:15     | Reached skill level 7 in Axes
 31239 | D:15     | Noticed Kirke
 31243 | D:15     | Killed Kirke
 31396 | D:15     | Gained mutation: You are agile. (Dex +2) [mutagenic meat]
 31563 | D:15     | Reached skill level 8 in Axes
 32309 | D:13     | Reached skill level 9 in Axes
 32438 | D:8      | Bought 2 mutagenic chunks of flesh for 3 gold pieces
 32444 | D:8      | Gained mutation: You are partially covered in molten scales. (AC +2) [mutagenic meat]
 32776 | D:8      | Gained mutation: Your spells are a little easier to cast, but a little less powerful. [mutagenic glow]
 32906 | Snake:1  | Entered Level 1 of the Snake Pit
 33084 | Snake:1  | Lost mutation: Your spells are a little easier to cast, but a little less powerful. [potion of mutation]
 33084 | Snake:1  | Lost mutation: Your body sometimes deteriorates upon taking damage. [potion of mutation]
 33127 | Snake:1  | Reached skill level 10 in Axes
 33491 | Snake:1  | Found Rathreole's Antique Weapon Shoppe.
 34359 | Snake:1  | Reached skill level 11 in Axes
 34421 | Snake:1  | You fall through a shaft!
 34449 | Snake:2  | Gained mutation: You evolve. [mutagenic meat]
 34455 | Snake:2  | Gained mutation: You passively map the area around you. [mutagenic meat]
 34619 | Snake:2  | Noticed Vashnia
 34807 | Snake:2  | Lost mutation: You regenerate slowly when monsters are visible. [evolution]
 35006 | Snake:2  | Reached skill level 12 in Axes
 35052 | Snake:2  | Lost mutation: You have a pair of small antennae on your head. [mutagenic meat]
 35055 | Snake:2  | Gained mutation: Your flesh is cold resistant. (rC+) [mutagenic meat]
 35171 | Snake:1  | Reached XP level 18. HP: 122/176 MP: 25/25
 35526 | Snake:2  | Reached skill level 13 in Axes
 35948 | Snake:2  | Killed Vashnia
 36408 | Snake:3  | Reached skill level 14 in Axes
 36984 | Snake:3  | Gained mutation: Your muscles are strong. (Str +2) [mutagenic meat]
 37054 | Snake:3  | Reached skill level 15 in Axes
 37147 | Snake:3  | Gained mutation: Your flesh is heat resistant. (rF+) [evolution]
 37320 | Snake:3  | Noticed Saint Roka
 37337 | Snake:3  | Killed Saint Roka
 37626 | Snake:4  | Entered Level 4 of the Snake Pit
 37843 | Snake:4  | Reached XP level 19. HP: 139/183 MP: 26/26
 37935 | Snake:4  | Reached skill level 16 in Axes
 38885 | Snake:4  | Noticed Aizul
 38893 | Snake:4  | Killed Aizul
 38918 | Snake:3  | Lost mutation: Your flesh is heat resistant. (rF+) [mutagenic meat]
 38930 | Snake:3  | Gained mutation: Your tail ends in a poisonous barb. [mutagenic meat]
 39048 | Snake:4  | Reached skill level 15 in Fighting
 39612 | Snake:4  | Got a serpentine rune of Zot
 40282 | Vaults:1 | Entered Level 1 of the Vaults
 40332 | Vaults:1 | Found Ufimuk's Assorted Antiques.
 40347 | Vaults:1 | Found Abus's Weapon Shoppe.
 40472 | Vaults:1 | Found Ybboup's Weapon Shoppe.
 40515 | Vaults:1 | Bought a sparkling lead amulet for 160 gold pieces
 40515 | Vaults:1 | Identified the amulet of the Queen {rC+ Regen+} (You bought it in a shop on level 1 of the Vaults)
 40962 | Vaults:1 | Gained mutation: You are covered in fur. (AC +1) [evolution]
 41142 | Vaults:2 | Reached XP level 20. HP: 150/195 MP: 27/27
 41404 | Vaults:2 | Reached skill level 13 in Armour
 41404 | Vaults:2 | Reached skill level 13 in Dodging
 41705 | Vaults:3 | Found Nuac's General Store.
 41710 | Vaults:3 | Bought a scroll of blinking for 97 gold pieces
 41710 | Vaults:3 | Bought a potion of curing for 39 gold pieces
 42002 | Vaults:4 | Found Puxkaerr's Gadget Shop.
 42151 | Vaults:4 | Reached skill level 17 in Axes
 42234 | Vaults:5 | Entered Level 5 of the Vaults
 42237 | Vaults:5 | Reached skill level 16 in Fighting
 42238 | Vaults:5 | Noticed a golden dragon
 42832 | Vaults:3 | Annihilated by an enormous slime creature

Skill      XL: |  1  2  3  4  5  6  7  8  9 10 11 12 13 14 15 16 17 18 19 20 |
---------------+-------------------------------------------------------------+-----
Fighting       | 4 5 6 7 9 11 12 14 15 16 | 16.4
Armour         | 1 2 4 5 7 8 9 10 11 12 13 | 13.6
Dodging        | 4 6 8 9 10 11 12 13 | 13.6
Maces & Flails | 4 6 7 8 10 12 14 | 14.4
Invocations    | 2 8 10 | 10.2
Axes           | 4 12 15 16 17 | 17.4
Stealth        | |  3.0

Vault maps used:
D:1:      dpeg_arrival_signposts
D:2:      kennysheep_big_flooded_room
D:3:      minmay_box_of_dots
D:4:      first_bread, serial_shops, shop, kennysheep_generic_room_13,
          uniq_sigmund, uniq_blork_the_orc
D:5:      makhleb_altar_promises_db, uniq_duvessa
D:6:      roderic_serpentine_path, uniq_eustachio
D:8:      lemuel_ice_statue, nicolae_transmutations_shop
D:9:      led_sif_pool, lair_0_dummy, serial_shops, nicolae_shop_statue_plus,
          uniq_erolcha, uniq_erica, uniq_maurice
D:10:     st_stairs_10, hangedman_stone_soup, xom_confusion_cloud
D:11:     hangedman_cross_cluster, david_orc_3
D:14:     david_vaults_5, hangedman_decor_slide_cut, uniq_azrael, uniq_rupert,
          uniq_frances
D:15:     grunt_enter_depths_giant_problem, hangedman_decor_riveting, uniq_kirke
Temple:   regret_index_temple_sigil_plot
Lair:1:   uniq_gastronok, uniq_joseph
Lair:2:   minmay_shoals_entry_hut, dummy_snake_entry,
          nicolae_quartered_pool_little, uniq_urug
Lair:3:   basic_altar, lemuel_oklob_altar, uniq_sonja, uniq_nergalle
Lair:4:   grunt_megastairs_5
Lair:5:   slime_altar_1, portal_ice_cave_entry_imps, basic_altar,
          kennysheep_basilisk_garden, uniq_josephine
Lair:6:   evilmike_catoblepas_cave, grunt_megastairs_2
Snake:1:  nicolae_snake_nest, serial_shops, nicolae_shop_crystal,
          serial_bayou_shore_a
Snake:2:  minmay_snake_river, serial_bayou_pond_a, st_stairs_13,
          grunt_ministairs_11, uniq_vashnia
Snake:3:  nrook_loot_triangle, nicolae_snake_salamander_stairs, uniq_saint_roka
Snake:4:  snake_pit, uniq_aizul
Orc:2:    grunt_orc_tribal_feast, basic_altar
Vaults:1: v_misc_16, v_misc_23, vaults_room_fours, v_alt_pattern_4,
          hangedman_vaults_hard_town_square, vaults_room_door_ring,
          nicolae_vaults_inception_scallops, nicolae_vaults_theta, v_misc_17,
          nicolae_vaults_ring_of_whatevers, hangedman_vaults_trim, v_misc_5,
          hangedman_vaults_capsules
Vaults:2: nicolae_vaults_lopsided_apartments, vaults_dpeg_doors,
          nicolae_vaults_little_squares_1, grunt_vaults_focal, v_misc_30,
          grunt_vaults_twisty, serial_shops, nicolae_shop_stone
Vaults:3: v_misc_22, ontoclasm_vaults_ring_square,
          minmay_crypt_entry_necro_gods, hangedman_vaults_impose,
          vaults_room_hallway, vaults_room_ringed_pool, v_misc_19, v_rooms_4,
          v_misc_29, vaults_room_corners, vaults_dpeg_diagonal,
          grunt_vaults_funnel, grunt_vaults_diagonal, v_misc_16, serial_shops,
          shop
Vaults:4: nicolae_vaults_branching_niches, nicolae_vaults_asterisk,
          nicolae_vaults_network_s, hangedman_vaults_variations,
          vaults_mumra_hexcomb, stair_cage_open, v_alt_pattern_6, v_pattern_1,
          vaults_room_large_hall, hangedman_vaults_corner, vaults_room_pool,
          vaults_room_stairs_pillars, vaults_room_pool, serial_shops,
          nicolae_shop_crystal
IceCv:    ice_cave_small_necro

Vanquished Creatures
  Saint Roka Vashnia Rupert Frances Gastronok
  2 sphinxes Kirke
  10 greater nagas
  2 fire giants
  4 vault wardens Aizul
  2 orc warlords
  3 ironheart preservers
  An entropy weaver
  2 stone giants Azrael
  2 ettins Josephine
  A fire dragon
  A crystal guardian Erolcha
  A great orb of eyes
  16 naga warriors
  5 yaktaur captains
  12 hydras
  26 vault guards
  3 catoblepae
  A rakshasa
  19 anacondas
  4 centaur warriors Erica
  4 death knights
  16 death yaks
  2 tengu warriors
  6 ogre magi
  4 orc high priests Urug
  25 naga sharpshooters
  14 shock serpents Sonja Nergalle
  A skeletal warrior
  An entropy weaver zombie
  5 salamander mystics
  5 unseen horrors
  A sea snake
  A flayed ghost
  6 hill giants
  A wizard
  A deep elf archer
  8 ironbrand convokers
  14 orc knights
  10 naga ritualists
  11 mana vipers
  4 phantasmal warriors
  2 necromancers
  2 wolf spider zombies
  6 harpies
  8 orc sorcerers
  9 deep elf magi
  14 salamanders
  20 ugly things
  4 wolf spiders
  4 manticores
  An octopode (shapeshifter)
  4 griffons
  A wolf spider (shapeshifter)
  23 elephants
  12 cyclopes
  7 centaur zombies
  3 guardian serpents
  5 vault sentinels Maurice Joseph
  An ice statue
  A water nymph (shapeshifter)
  49 black mambas
  16 spiny frogs
  30 naga magi
  An orc skeleton
  7 rime drakes
  8 komodo dragons
  A kobold demonologist
  11 yaktaurs
  16 freezing wraiths
  A polar bear (shapeshifter)
  A tengu conjurer
  11 trolls
  A troll (shapeshifter)
  A wolf spider simulacrum
  2 polar bears
  8 two-headed ogres
  2 boulder beetles
  20 slime creatures
  A wind drake (shapeshifter)
  A snapping turtle
  13 blink frogs
  A harpy skeleton
  A meliai zombie Sigmund
  6 wraiths
  3 shadows
  3 redbacks
  60 yaks
  3 fire elementals
  4 wyverns Eustachio
  5 hogs
  16 hippogriffs
  A death yak simulacrum
  14 basilisks
  A hungry ghost
  A human
  3 vampire mosquitoes
  5 mottled dragons
  7 wargs
  58 nagas
  20 water moccasins Duvessa
  3 hell hounds
  7 porcupines
  41 orc warriors
  6 sky beasts
  3 wasps
  An alligator simulacrum
  13 ice beasts
  3 black bears
  2 necrophages
  An eye of draining
  48 ogres
  2 phantoms
  6 wolves
  8 centaurs
  9 crocodiles
  A human zombie
  3 big kobolds Blork the orc
  21 giant frogs
  2 gnoll sergeants
  A wyvern zombie
  2 water moccasin zombies
  6 killer bees
  6 scorpions
  A water moccasin skeleton Dowan
  33 wights
  2 electric eels
  4 howler monkeys
  17 crimson imps
  3 giant frog zombies
  2 quasits
  5 draconian simulacra
  10 hounds
  2 human simulacra
  4 jellies
  2 giant frog skeletons
  33 orc priests
  33 orc wizards
  6 centaur skeletons
  13 iguanas
  9 hell rats
  16 worker ants
  2 spriggan simulacra
  A troll simulacrum
  A wolf simulacrum
  31 sheep
  5 centaur simulacra
  3 hound skeletons
  A worker ant zombie
  12 gnolls
  2 ogre simulacra
  12 adders
  A howler monkey skeleton
  5 naga simulacra
  61 river rats
  2 shadow imps
  24 white imps
  3 oozes
  An adder skeleton
  3 worms
  2 dart slugs
  5 giant geckos
  111 orcs
  3 ball pythons
  5 bats
  5 giant cockroaches
  14 goblins
  9 hobgoblins
  12 jackals
  19 kobolds
  7 quokkas
  2 giant gecko skeletons
  7 giant newts
  3 quokka skeletons
  A quokka zombie
  11 rats
  17 fungi
  22 plants
1633 creatures vanquished.
